 Dungeon Crawl Stone Soup version 0.21-a0-43-g1479571 (webtiles) character file.

53 HAL9000 the Shield-Bearer (level 4, -1/35 HPs)
             Began as a Formicid Fighter on June 6, 2017.
             Slain by a gnoll
             ... wielding a +0 spear
              (4 damage)
             ... on level 2 of the Dungeon.
             The game lasted 00:01:32 (1241 turns).

HAL9000 the Shield-Bearer (Formicid Fighter)        Turns: 1241, Time: 00:01:33

Health: -1/35      AC:  6    Str: 21    XL:     4   Next: 11%
Magic:  0/4        EV:  8    Int:  7    God:
Gold:   30         SH:  9    Dex: 11    Spells: 3/3 levels left

rFire    . . .     SeeInvis +   a - +0 war axe
rCold    . . .     Gourm    .   c - +0 shield
rNeg     . . .     Faith    .   b - +0 scale mail
rPois    .         Spirit   +   (helmet unavailable)
rElec    .         Reflect  .   (no cloak)
rCorr    .         Harm     .   (no gloves)
MR       .....                  (no boots)
Stlth    ..........             l - amulet of guardian spirit
Regen    0.2/turn               (no ring)
MPRegen  0.1/turn               (no ring)

@: no status effects
A: permanent stasis, dig shafts and tunnels, four strong arms, antennae 3
a: Dig, Shaft Self


You were on level 2 of the Dungeon.
You were very hungry.

You visited 1 branch of the dungeon, and saw 2 of its levels.

You collected 30 gold pieces.

Inventory:

Hand Weapons
 a - a +0 war axe (weapon)
Armour
 b - a +0 scale mail (worn)
 c - a +0 shield (worn)
Jewellery
 l - an amulet of guardian spirit (around neck)
Scrolls
 h - 3 scrolls of identify {unknown}
 i - 3 scrolls of fog {unknown}
 j - 2 scrolls of noise {unknown}
 n - a scroll of remove curse {unknown}
Potions
 d - a potion of might
 g - a potion of lignification {unknown}
 k - a potion of flight {unknown}
Comestibles
 f - a bread ration
 m - a royal jelly


   Skills:
 - Level 3.2 Fighting
 * Level 3.4 Axes
 - Level 3.2 Armour
 + Level 4.4 Shields


You had 3 spell levels left.
You didn't know any spells.

Dungeon Overview and Level Annotations

Branches:
Dungeon (2/15)

Altars:


Innate Abilities, Weirdness & Mutations

You cannot be hasted, slowed, berserked, paralysed or teleported.
You can dig through walls and to a lower floor.
Your four strong arms can wield two-handed weapons with a shield.
You have a pair of large antennae on your head. (SInv)


Message History

You kill the gnoll!
You block the gnoll's attack. The gnoll barely misses you.
You block the gnoll's attack.
Things that are here:
a flail; a gnoll corpse Unknown command.
You hit the gnoll.
The gnoll is moderately wounded.
You hit the gnoll. The gnoll hits you but does no damage.
The gnoll hits you with a spear.
* * * LOW HITPOINT WARNING * * *
You block the leopard gecko's attack.
The gnoll hits you but does no damage. x2
You slash the gnoll!
You kill the gnoll!
You have reached level 4!
You feel stronger.
You hit the gnoll. You closely miss the leopard gecko.
You block the leopard gecko's attack. The gnoll hits you but does no damage.
The gnoll hits you from afar with a spear.
You die...

#+# #.# #.# ##.#####
## ##.....<
....#..>..####
#....)g....# #l# #@#
#.# #.# #.#
################.###
#.........#........#
#......##.#.####.#.#
#.####.##.#.# #.#.#
#.# ##.##.#.####.#.#


You could see a gnoll and a leopard gecko.

Vanquished Creatures
  2 gnolls (D:2)
  2 dart slugs (D:1)
  2 worms (D:2)
  3 bats
  4 hobgoblins (D:1)
  2 kobolds
  A frilled lizard (D:2)
  6 goblins
  3 rats (D:1)
25 creatures vanquished.

Notes
Turn   | Place    | Note
-------+----------+-------------------------------------------
     0 | D:1      | HAL9000 the Formicid Fighter began the quest for the Orb.
     0 | D:1      | Reached XP level 1. HP: 18/18 MP: 1/1
   264 | D:1      | Reached XP level 2. HP: 22/24 MP: 2/2
   675 | D:1      | Reached skill level 4 in Shields
   741 | D:1      | Reached XP level 3. HP: 29/29 MP: 3/3
  1240 | D:2      | Reached XP level 4. HP: 3/35 MP: 1/4
  1241 | D:2      | Slain by a gnoll

Vault maps used:
D:1:      kilobyte_arrival_exit_the_forest
D:2:      yredelemnul_altar_generic, marbit_many_paths, first_bread,
          minmay_pentomino_z2

Skill      XL: |  1  2  3 |
---------------+----------+-----
Shields        | 4 |  4.4
Axes           | 3 |  3.4
Fighting       | |  3.2
Armour         | |  3.2

Action                   |  1- 3 |  4- 6 || total
-------------------------+-------+-------++-------
Melee: War axe           |    62 |       ||    62
Armor: Scale mail        |    24 |     1 ||    25
Dodge: Dodged            |    19 |       ||    19
Block: Shield            |    42 |     1 ||    43
